 Dungeon Crawl Stone Soup version 0.22-a0-772-gac08f70 (webtiles) character file.

8946 Zenonira the Basher (level 11, -13/86 HPs)
             Began as a Naga Skald on July 17, 2018.
             Was a Priest of Cheibriados.
             Killed from afar by a fire dragon (34 damage)
             ... with a blast of flame
             ... on level 10 of the Dungeon.
             The game lasted 00:39:02 (10826 turns).

Zenonira the Basher (Naga Skald)                   Turns: 10826, Time: 00:39:02

Health: -13/86     AC:  9    Str: 24    XL:     11   Next: 38%
Magic:  18/18      EV: 18    Int: 22    God:    Cheibriados [***...]
Gold:   530        SH:  8    Dex: 26    Spells: 11/14 levels left

rFire    . . .     SeeInvis +   v - +0 morningstar
rCold    . . .     Gourm    .   w - +2 buckler {reflect}
rNeg     . . .     Faith    .   b - +0 leather armour
rPois    +         Spirit   .   j - +0 helmet
rElec    .         Reflect  +   q - +0 cloak (curse)
rCorr    .         Harm     .   c - +1 pair of gloves
MR       +....                  (no barding)
Stlth    ++++......             E - amulet of the acrobat
HPRegen  0.24/turn              t - +3 ring of evasion
MPRegen  0.16/turn              y - +2 ring of strength

@: agile, very slow
A: large, see invisible, deformed body, poison resistance, slowness 2, slow
metabolism 1, spit poison 1, AC +3
a: Spit Poison, Bend Time, Temporal Distortion, Renounce Religion


You were on level 10 of the Dungeon.
You worshipped Cheibriados.
Cheibriados was most pleased with you.
You were not hungry.

You visited 2 branches of the dungeon, and saw 11 of its levels.

You collected 530 gold pieces.

Inventory:

Hand Weapons
 a - a +0 mace
 l - a +0 mace of protection
 v - a +0 morningstar (weapon)
 A - a +0 great mace
Missiles
 x - 6 javelins (quivered)
Armour
 b - a +0 leather armour (worn)
 c - a +1 pair of gloves (worn)
 j - a +0 helmet (worn)
 q - a cursed +0 cloak (worn)
 w - a +2 buckler of reflection (worn)
Jewellery
 h - an uncursed ring of magical power
 n - an uncursed ring of fire
 r - an uncursed ring of magical power
 t - a +3 ring of evasion (left hand)
 y - a +2 ring of strength (right hand)
 B - an uncursed ring of ice
 C - an uncursed ring of fire
 E - an amulet of the acrobat (around neck)
Wands
 D - a wand of acid (7)
Scrolls
 f - 2 scrolls of teleportation
 i - 2 scrolls of immolation
 p - 8 scrolls of remove curse
 u - 3 scrolls of blinking
 F - a scroll of amnesia
Potions
 e - a potion of brilliance
 g - 3 potions of agility
 k - 3 potions of curing
 m - 3 potions of heal wounds
 o - a potion of flight
 s - a potion of lignification
 z - a potion of mutation
 G - a potion of cancellation
 I - a potion of magic
Comestibles
 d - 14 rations
 H - a chunk of flesh


   Skills:
 - Level 2.0 Fighting
 * Level 13.3 Maces & Flails
 - Level 0.7 Armour
 - Level 1.5 Dodging
 - Level 5.0 Stealth
 - Level 2.4 Shields
 - Level 2.0 Spellcasting
 - Level 5.0 Charms
 + Level 9.7 Invocations


You had 11 spell levels left.
You knew the following spells:

 Your Spells              Type           Power        Failure   Level  Hunger
a - Infusion              Chrm           ###.         1%          1    #......
b - Song of Slaying       Chrm           ###.....     3%          2    ##.....

Your spell library contained the following spells:

 Spells                   Type           Power        Failure   Level  Hunger
 Animate Dead             Necr           N/A          83%         4    #####..
 Pain                     Necr           #...         16%         1    #......
 Animate Skeleton         Necr           N/A          16%         1    #......
 Vampiric Draining        Necr           #.........   43%         3    ###....
 Regeneration             Chrm/Necr      ##........   17%         3    ###....
 Shroud of Golubria       Chrm/Tloc      ##........   9%          2    ##.....
 Spectral Weapon          Hex/Chrm       ##......     17%         3    ###....


Dungeon Overview and Level Annotations

Branches:
Dungeon (10/15)            Temple (1/1) D:4
   Lair: D:8-11         Orc: D:9-12

Altars:
Ashenzari
Cheibriados
Dithmenos
Elyvilon
Fedhas
Gozag
Hepliaklqana
Kikubaaqudgha
Makhleb
Nemelex Xobeh
Okawaru
Qazlal
Ru
Sif Muna
Trog
Uskayaw
Vehumet
Wu Jian
Xom
Yredelemnul
Zin
The Shining One

Shops:
D:5 (

Annotations:
D:3 1 exclusion
D:6 1 runed door, Meatbag's ghost, novice MiFi
D:9 exclusion: hydra


Innate Abilities, Weirdness & Mutations

You cannot wear boots.
Your serpentine skin is tough. (AC +3)
You have supernaturally acute eyesight. (SInv)
Armour fits poorly on your strangely shaped body.
Your system is resistant to poisons. (rPois)
You cover ground very slowly.
You have a slow metabolism.
You can spit poison.


Message History

You hit the fire dragon but do no damage.
The fire dragon is heavily wounded.
The fire dragon closely misses you. The fire dragon claws you.
You block the fire dragon's attack.
You hit the fire dragon but do no damage.
The fire dragon is heavily wounded.
The fire dragon bites you. The fire dragon misses you.
The fire dragon tramples you.
* * * LOW HITPOINT WARNING * * *
You stumble backwards!
You hit the fire dragon but do no damage.
The fire dragon is heavily wounded.
The fire dragon bites you.
* * * LOW HITPOINT WARNING * * *
You block the fire dragon's attack. The fire dragon completely misses you.
You hit the fire dragon but do no damage.
The fire dragon is heavily wounded.
The fire dragon breathes flames at you. The blast of flame hits you!
You die...

.......# .......# .......#
.......################
#.....................#
#...................#......#
#...................#......#
#................D..#....D.#
#...............@...#......#
#...................####...#
..######.....#####.....#...#
..#....#.....#...#.....# ...
..#....#.....#...#.....#
†.'....#.....#...'.†...#
..#....#.....#...#.....#
..######.....#...#.....#
..#..†.+.....#...#.....#


You could see a fire dragon.

Vanquished Creatures
  5 two-headed ogres
  Pikel (D:5)
  A hornet (D:10)
  6 yaks (D:10)
  A hungry ghost (D:10)
  Menkaure (D:4)
  An ice beast (D:8)
  A sky beast (D:9)
  An orc warrior (D:8)
  2 necrophages
  3 phantoms
  3 centaurs
  3 ogres
  A big kobold (D:8)
  5 bullfrogs
  A gnoll sergeant (D:8)
  A water moccasin zombie (D:5)
  2 scorpions
  A water moccasin skeleton (D:7)
  9 wights (D:8)
  5 howler monkeys
  2 crimson imps
  4 bullfrog zombies
  2 quasits
  9 hounds
  A jelly (D:5)
  6 orc priests
  3 bullfrog skeletons
  3 centaur skeletons
  7 orc wizards
  2 iguanas
  Terence (D:3)
  4 worker ants
  A killer bee zombie (D:8)
  2 hound zombies
  A worker ant zombie (D:6)
  5 gnolls (D:8)
  16 adders
  2 shadow imps (D:6)
  2 adder skeletons
  4 worms
  A dart slug (D:2)
  6 leopard geckos
  32 orcs
  3 bats (D:1)
  7 giant cockroaches
  12 goblins
  4 hobgoblins
  12 jackals
  9 kobolds
  2 ball pythons
  2 frilled lizards
  12 rats
233 creatures vanquished.

Vanquished Creatures (others)
  3 slaves (D:5)
  A howler monkey (D:5)
  A bullfrog skeleton (D:5)
  An orc wizard (D:5)
  An orc (D:8)
  A kobold (D:8)
8 creatures vanquished.

Grand Total: 241 creatures vanquished

Notes
Turn   | Place    | Note
-------+----------+-------------------------------------------
     0 | D:1      | Zenonira the Naga Skald began the quest for the Orb.
     0 | D:1      | Reached XP level 1. HP: 19/19 MP: 3/3
    42 | D:1      | Reached skill level 1 in Stealth
   170 | D:1      | Found a glowing golden altar of the Shining One.
   202 | D:1      | Reached XP level 2. HP: 26/26 MP: 5/5
   868 | D:2      | Reached XP level 3. HP: 21/32 MP: 6/6
  1096 | D:2      | Reached skill level 3 in Maces & Flails
  1313 | D:2      | Found a burning altar of Makhleb.
  1709 | D:2      | Reached XP level 4. HP: 39/39 MP: 7/7
  1924 | D:3      | Found a sacrificial altar of Ru.
  2257 | D:3      | Noticed Terence
  2268 | D:3      | Killed Terence
  2268 | D:3      | Reached XP level 5. HP: 32/45 MP: 8/8
  2555 | D:4      | Reached skill level 5 in Stealth
  2579 | D:4      | Reached skill level 1 in Shields
  2608 | D:4      | Reached skill level 4 in Maces & Flails
  2622 | D:4      | Reached XP level 6. HP: 15/52 MP: 9/9
  2914 | D:4      | Found an ornate altar of the Wu Jian Council.
  3095 | D:4      | Found a staircase to the Ecumenical Temple.
  3096 | D:4      | Noticed Menkaure
  3428 | D:4      | Reached skill level 5 in Maces & Flails
  3605 | D:4      | Reached XP level 7. HP: 53/60 MP: 10/10
  3617 | Temple   | Entered the Ecumenical Temple
  3645 | Temple   | Became a worshipper of Cheibriados the Contemplative
  3684 | D:4      | Killed Menkaure
  3684 | D:4      | Reached skill level 1 in Invocations
  3757 | D:4      | Reached skill level 6 in Maces & Flails
  3897 | D:5      | Entered Level 5 of the Dungeon
  3999 | D:5      | Noticed Pikel
  4123 | D:5      | Killed Pikel
  4123 | D:5      | Reached skill level 7 in Maces & Flails
  4123 | D:5      | Reached XP level 8. HP: 30/67 MP: 11/11
  4353 | D:5      | Found Igobul's Antique Weapon Shoppe.
  4385 | D:5      | Reached skill level 8 in Maces & Flails
  4488 | D:5      | Found a deep blue altar of Sif Muna.
  4532 | D:5      | Reached * piety under Cheibriados
  4765 | D:5      | Found an ancient bone altar of Kikubaaqudgha.
  5142 | D:6      | Reached skill level 5 in Invocations
  5189 | D:6      | Reached skill level 9 in Maces & Flails
  5189 | D:6      | Reached XP level 9. HP: 72/73 MP: 12/12
  5475 | D:6      | Reached ** piety under Cheibriados
  5786 | D:6      | Found a runed door.
  5799 | D:6      | Noticed Meatbag's ghost (novice MiFi)
  6457 | D:7      | Reached skill level 10 in Maces & Flails
  6853 | D:8      | Reached *** piety under Cheibriados
  7461 | D:8      | Reached **** piety under Cheibriados
  7813 | D:8      | Noticed a two-headed ogre
  7829 | D:8      | Killed a two-headed ogre
  7829 | D:8      | Reached skill level 11 in Maces & Flails
  7829 | D:8      | Reached XP level 10. HP: 17/80 MP: 8/15
  8242 | D:8      | Noticed a two-headed ogre
  8251 | D:8      | Killed a two-headed ogre
  8455 | D:8      | Reached skill level 12 in Maces & Flails
  8466 | D:8      | Learned a level 2 spell: Song of Slaying
  8607 | D:8      | Found a shattered altar of Ashenzari.
  8998 | D:9      | Found a burning altar of Makhleb.
  9064 | D:9      | Noticed a seven-headed hydra
  9081 | D:9      | Noticed a two-headed ogre
  9092 | D:9      | Killed a two-headed ogre
  9652 | D:9      | Noticed a two-headed ogre
  9662 | D:9      | Killed a two-headed ogre
  9662 | D:9      | Reached XP level 11. HP: 45/86 MP: 13/17
  9857 | D:9      | Noticed a two-headed ogre
  9867 | D:9      | Killed a two-headed ogre
 10207 | D:10     | Entered Level 10 of the Dungeon
 10248 | D:10     | Reached skill level 13 in Maces & Flails
 10710 | D:10     | Reached skill level 5 in Charms
 10812 | D:10     | Noticed a fire dragon
 10826 | D:10     | Killed from afar by a fire dragon

Vault maps used:
D:1:      dpeg_arrival_solitude, tso_metal_star
D:2:      st_stairs_1, hangedman_decor_slide_cut, grunt_ministairs_10,
          bloody_makhleb
D:3:      nicolae_ru_awakened_eye, uniq_terence, uniq_crazy_yiuf_cottage
D:4:      lemuel_coloured_pillars_altar, minmay_temple_entry_hall, uniq_menkaure
D:5:      kennysheep_mini_moat, led_sif_pool, serial_shops,
          nicolae_shop_behind_doors, first_ration, uniq_pikel
D:6:      ebering_ghost_reflecting_pool
D:8:      kennysheep_blocky_hall, cheibrodos_ashenzari_chains
D:9:      basic_altar
D:10:     kennysheep_spiral_hall, serial_shops, nicolae_shop_trees,
          grunt_pizzeria, minivault_8
Temple:   lightli_temple_of_artemis

Skill      XL: |  1  2  3  4  5  6  7  8  9 10 11 |
---------------+----------------------------------+-----
Stealth        | 1 2 4 5 |  5.0
Maces & Flails | 3 4 5 7 9 11 12 13 | 13.3
Shields        | 1 2 |  2.4
Invocations    | 4 5 7 9 |  9.7
Charms         | 4 5 |  5.0
Fighting       | |  2.0
Armour         | |  0.7
Dodging        | |  1.5
Spellcasting   | |  2.0

Action                   |  1- 3 |  4- 6 |  7- 9 | 10-12 || total
-------------------------+-------+-------+-------+-------++-------
Melee: Mace              |   122 |   155 |   117 |       ||   394
       Morningstar       |       |       |   334 |   178 ||   512
Throw: Javelin           |       |     2 |    15 |     8 ||    25
Invok: Bend Time         |       |       |     1 |     4 ||     5
       Temporal Distorti |       |       |     1 |       ||     1
       Slouch            |       |       |       |     2 ||     2
 Abil: Spit Poison       |     8 |    28 |    37 |    20 ||    93
  Use: Scroll            |       |     9 |     9 |     6 ||    24
       Potion            |       |     1 |     5 |     1 ||     7
 Stab: Sleeping          |       |     1 |     4 |     4 ||     9
       Distracted        |       |       |       |     1 ||     1
  Eat: Chunk             |     2 |     6 |    13 |     8 ||    29
Armor: Leather armour    |    63 |    48 |   121 |    28 ||   260
       Skin              |       |    30 |     1 |       ||    31
Dodge: Dodged            |    66 |    83 |   268 |   109 ||   526
Block: Buckler           |       |    50 |   156 |    59 ||   265
       Reflection        |       |       |     8 |     1 ||     9

Table legend:
 A = Spawn XP
 B = Non-spawn XP
 C = Spawn XP percentage of total XP
 D = Spawn monster count
 E = Non-spawn monster count
 F = Spawn count percentage of total count
 G = Total turns spent on level
                    A         B        C        D         E        F      G
               +---------+---------+-------+---------+---------+-------+---------
         Total |       0 |   12780 |   0.0 |       0 |     236 |   0.0 | 10826
               +---------+---------+-------+---------+---------+-------+---------
           D:1 |       0 |      31 |   0.0 |       0 |      20 |   0.0 |   960
           D:2 |       0 |      74 |   0.0 |       0 |      21 |   0.0 |   940
           D:3 |       0 |      89 |   0.0 |       0 |      17 |   0.0 |   613
           D:4 |       0 |     795 |   0.0 |       0 |      25 |   0.0 |  1643
           D:5 |       0 |    1141 |   0.0 |       0 |      27 |   0.0 |   770
           D:6 |       0 |     767 |   0.0 |       0 |      22 |   0.0 |  1121
           D:7 |       0 |     477 |   0.0 |       0 |      10 |   0.0 |   707
           D:8 |       0 |    3988 |   0.0 |       0 |      63 |   0.0 |  2192
           D:9 |       0 |    3154 |   0.0 |       0 |      12 |   0.0 |  1218
          D:10 |       0 |    2264 |   0.0 |       0 |      19 |   0.0 |   619
               +---------+---------+-------+---------+---------+-------+---------
